 Dungeon Crawl Stone Soup version 0.20-a0-472-g5c05303 (webtiles) character file.

7643 ThermosAquaticus the Nimble (level 11, -14/80 HPs)
             Began as a Barachian Summoner on Jan 14, 2017.
             Was a Priest of Cheibriados.
             Demolished by a minotaur
             ... wielding the +11 short sword "Wuer" {speed, rN+}
              (19 damage)
             ... in a labyrinth.
             The game lasted 01:00:10 (15154 turns).

ThermosAquaticus the Nimble (Barachian Summoner)   Turns: 15154, Time: 01:00:11

Health: -14/80     AC:  9    Str: 11    XL:     11   Next: 18%
Magic:  12/18      EV: 27    Int: 23    God:    Cheibriados [***...]
Gold:   617        SH:  0    Dex: 25    Spells: 7/20 levels left

rFire  . . .     SeeInvis .     o - +1 trident (protect)
rCold  . . .     Gourm    .     N - +0 steam dragon scales
rNeg   . . .     Faith    .     (no shield)
rPois  .         Spirit   .     G - +1 helmet
rElec  .         Reflect  .     (no cloak)
rCorr  .         Harm     .     U - +1 pair of gloves
MR     .....                    (no boots)
Stlth  +++++.....               (no amulet)
                                y - -2 ring of strength (curse)
                                i - ring of stealth

@: agile, can't hop, very slow
A: swims, slowness 1, strong legs 1
a: Hop, Bend Time, Temporal Distortion, Renounce Religion


You were in a labyrinth.
You worshipped Cheibriados.
Cheibriados was most pleased with you.
You were hungry.

You visited 3 branches of the dungeon, and saw 13 of its levels.
You also visited: Labyrinth and Ossuary.

You collected 617 gold pieces.

Inventory:

Hand Weapons
 a - the +10 arbalest "Giantbane" {freeze, rC+ Int+2, unknown}
   (You took it off a kobold on level 8 of the Dungeon)

   It causes projectiles fired from it to freeze those they strike, causing
   extra injury to most foes and up to half again as much damage against
   particularly susceptible opponents.
   They can also slow down cold-blooded creatures.
   It affects your intelligence (+2).
   It protects you from cold.
 o - a +1 trident of protection (weapon)
 z - a +0 arbalest of venom
Missiles
 g - 51 bolts
 p - 149 arrows
Armour
 x - the cursed +1 plate armour of Uroir {Regen+ rCorr Str-4, unknown}
   (You found it on level 7 of the Dungeon)

   It affects your strength (-4).
   It increases your rate of regeneration.
   It protects you from acid and corrosion.
   It has a curse placed upon it.
 G - a +1 helmet (worn)
 N - +0 steam dragon scales (worn)
 O - a +0 buckler
 U - a +1 pair of gloves (worn)
Jewellery
 h - an uncursed ring of protection from fire {unknown}
 i - a ring of stealth (left hand)
 y - a cursed -2 ring of strength (right hand)
 D - an uncursed ring of see invisible {unknown}
 F - a +2 ring of dexterity {unknown}
 K - an uncursed ring of wizardry {unknown}
 L - a +2 ring of strength
Wands
 w - a wand of polymorph (24/24)
 M - a wand of iceblast (7/15)
 R - a wand of flame (20/48)
 S - a wand of lightning (7/15)
Scrolls
 q - a scroll of amnesia
 u - 5 scrolls of teleportation
 A - 2 scrolls of fog
 H - 2 scrolls of recharging
Potions
 d - 5 potions of curing
 f - a potion of cure mutation
 k - 3 potions of flight
 m - a potion of heal wounds
 s - 2 potions of cancellation
 E - 2 potions of resistance {unknown}
 P - 2 potions of brilliance
 Q - a potion of magic {unknown}
Books
 b - a book of Callings

   Spells                             Type                      Level
   a - Summon Small Mammal            Summoning                    1
   b - Call Imp                       Summoning                    2
   c - Call Canine Familiar           Summoning                    3
   d - Summon Guardian Golem          Hexes/Summoning              3
   e - Summon Lightning Spire         Summoning/Air                4
   f - Summon Ice Beast               Ice/Summoning                4
 t - a book of Misfortune

   Spells                             Type                      Level
   a - Confusing Touch                Hexes                        1
   b - Confuse                        Hexes                        3
   c - Gell's Gravitas                Hexes/Translocation          3
   d - Petrify                        Transmutation/Earth          4
   e - Metabolic Englaciation         Hexes/Ice                    5
   f - Yara's Violent Unravelling     Hexes/Transmutation          5
 J - a book of Debilitation

   Spells                             Type                      Level
   a - Corona                         Hexes                        1
   b - Slow                           Hexes                        2
   c - Gell's Gravitas                Hexes/Translocation          3
   d - Inner Flame                    Hexes/Fire                   3
   e - Cause Fear                     Hexes                        4
   f - Leda's Liquefaction            Hexes/Earth                  4
Comestibles
 c - 7 bread rations
 v - 11 fruits
 B - 9 royal jellies
 C - 4 beef jerkies
 I - 4 meat rations


   Skills:
 - Level 5.2 Fighting
 + Level 9.6 Dodging
 - Level 2.0 Stealth
 + Level 7.7 Unarmed Combat
 - Level 5.0 Spellcasting
 - Level 8.2 Summonings
 - Level 3.0 Ice Magic
 - Level 4.0 Air Magic
 - Level 5.1 Invocations


You had 7 spell levels left.
You knew the following spells:

 Your Spells              Type           Power        Failure   Level  Hunger
a - Summon Ice Beast      Ice/Summ       ####....     12%         4    ####...
b - Call Imp              Summ           #####...     1%          2    None
c - Call Canine Familiar  Summ           #####...     1%          3    ##.....
d - Summon Lightning Spi  Summ/Air       ####....     10%         4    ####...


Dungeon Overview and Level Annotations

Branches:
Dungeon (10/15)            Temple (1/1) D:6            Lair (2/6) D:10
  Swamp: Lair:2-4    Shoals: Lair:2-4     Snake: Lair:2-4    Spider: Lair:2-4
    Orc: D:9-12

Altars:
Ashenzari
Cheibriados
Dithmenos
Elyvilon
Fedhas
Gozag
Hepliaklqana
Kikubaaqudgha
Makhleb
Nemelex Xobeh
Okawaru
Qazlal
Ru
Sif Muna
Trog
Uskayaw
Vehumet
Xom
Yredelemnul
Zin
The Shining One
Lugonu

Shops:
D:5 =


Innate Abilities, Weirdness & Mutations

You can swim through water.
You cover ground slowly.
You can hop short distances.


Message History

Your lightning spire shoots out a bolt of lightning at the minotaur!
The bolt of electricity hits the minotaur.
Evoke which item? (* to show all) (? for menu, Esc to quit)
Aiming: Lightning Bolt (will waste charges)
Press: ? - help, Shift-Dir - straight line You hear a mighty clap of thunder!
The bolt of lightning hits the minotaur.
The minotaur is moderately wounded.
Evoking this partially-identified wand wasted a few charges.
The minotaur hits you with a crude short sword {speed}!!
The minotaur gores you.
You feel much better.
The minotaur hits you with a crude short sword {speed}!!
* * * LOW HITPOINT WARNING * * *
The minotaur gores you.
* * * LOW HITPOINT WARNING * * *
Unknown command.
Your legs are too worn out to hop.
The minotaur hits you with a crude short sword {speed}!!
You die...

... #.. ... ..#
..# # #.. ##.#.#
≈#.# ..#.#.≈≈#..
###8'...<≈#.#####
#...# #. ... .#.
###H# #. ##.#.#
#@#######.# #.# .
#......... # ## .
#...#.#..... ...
. ###.#. .# ###.
##. ..#.#.#.#....
.. ###.# # # #.##
.. ..#. .. #.# #
## ###. ## ## #
..


You could see a minotaur and a friendly lightning spire.

Vanquished Creatures
  Pikel (D:8)
  A hippogriff (Lair:1)
  A yak (D:10)
  A steam dragon (D:8)
  A soldier ant (D:8)
  2 porcupines (Lair:1)
  An ice beast (D:7)
  A wolf (Lair:1)
  A crocodile (Lair:1)
  A big kobold (D:10)
  4 bullfrogs
  A scorpion (D:5)
  A howler monkey (D:7)
  An electric eel (Lair:2)
  2 centaur zombies
  2 jellies
  A quasit (D:8)
  3 hounds
  2 iguanas
  2 orc wizards
  2 worker ants (D:4)
  A worker ant zombie (D:8)
  2 gnolls (D:2)
  A howler monkey skeleton (D:10)
  4 adders
  A shadow imp (D:8)
  An ooze (D:7)
  A worm (D:3)
  A dart slug (D:2)
  6 leopard geckos
  11 orcs
  5 bats
  3 giant cockroaches
  7 goblins
  3 hobgoblins (D:2)
  14 jackals
  4 quokkas
  3 frilled lizards
  A giant cockroach zombie (D:5)
  2 hobgoblin zombies (Ossuary)
  A jackal zombie (D:5)
  9 kobolds
  4 rats
117 creatures vanquished.

Vanquished Creatures (collateral kills)
  A hydra (Lair:1)
  2 two-headed ogres (D:9)
  The ghost of Potsanchik the Carver, a novice TeGl of Uskayaw (D:9)
  The ghost of Potsanchik the Stinger, a novice MfVM of Xom (D:5)
  A gargoyle (D:10)
  2 spiny frogs (Lair:1)
  Psyche (D:8)
  2 komodo dragons (Lair:1)
  A hippogriff (D:7)
  Grum (D:8)
  2 basilisks (Lair:1)
  4 yaks (D:10)
  2 hungry ghosts
  A steam dragon (D:10)
  Menkaure (D:6)
  2 water moccasins (Lair:1)
  A soldier ant (D:8)
  The ghost of Potsanchik the Slasher, an amateur TeGl (D:4)
  A porcupine (Lair:1)
  An orc warrior (D:6)
  2 slaves (D:8)
  5 ice beasts
  A sky beast (D:6)
  7 ogres
  A phantom (D:4)
  6 wolves
  A big kobold (D:8)
  4 bullfrogs
  8 wights
  3 howler monkeys
  4 crimson imps
  3 centaur zombies
  A bullfrog zombie (D:8)
  2 jellies
  3 hounds
  4 orc wizards
  A bullfrog skeleton (D:9)
  Terence (D:3)
  2 iguanas (D:8)
  A worker ant (D:8)
  A big kobold zombie (Ossuary)
  A hound zombie (D:8)
  4 mummies (Ossuary)
  A howler monkey zombie (D:7)
  2 gnolls (D:2)
  A howler monkey skeleton (D:4)
  10 adders
  A shadow imp (D:6)
  An adder skeleton (D:10)
  2 worms
  A dart slug (D:1)
  2 leopard geckos
  11 orcs
  4 giant cockroaches
  4 goblins (D:1)
  A jackal (D:5)
  A bat (D:1)
  2 frilled lizards
  A hobgoblin zombie (Ossuary)
  5 kobolds
  2 rats
147 creatures vanquished.

Vanquished Creatures (others)
  A slave (D:8)
  A centaur (D:8)
  A killer bee zombie (D:8)
  An adder (D:8)
  An adder zombie (D:8)
  A leopard gecko (D:8)
  An orc (D:10)
  3 jackals (D:8)
  A fungus (Lair:2)
11 creatures vanquished.

Grand Total: 275 creatures vanquished

Notes
Turn   | Place    | Note
-------+----------+-------------------------------------------
     0 | D:1      | ThermosAquaticus the Barachian Summoner began the quest for the Orb.
     0 | D:1      | Reached XP level 1. HP: 13/13 MP: 3/3
   574 | D:1      | Reached XP level 2. HP: 17/19 MP: 1/5
   578 | D:1      | Learned a level 2 spell: Call Imp
  1622 | D:2      | Found an iron altar of Okawaru.
  1625 | D:2      | Reached XP level 3. HP: 22/24 MP: 6/6
  1649 | D:2      | Found a bloodstained altar of Trog.
  1651 | D:2      | Found a stormy altar of Qazlal.
  1689 | D:2      | Reached skill level 5 in Summonings
  1718 | D:2      | Learned a level 3 spell: Call Canine Familiar
  2192 | D:2      | Reached XP level 4. HP: 23/30 MP: 6/8
  2934 | D:3      | Found a stormy altar of Qazlal.
  3172 | D:3      | Learned a level 4 spell: Summon Lightning Spire
  3204 | D:3      | Noticed a dagger
  3206 | D:3      | Noticed a hand axe
  3226 | D:3      | Reached XP level 5. HP: 35/35 MP: 10/10
  3231 | D:3      | Found a hide-covered altar of Uskayaw.
  3259 | D:3      | Noticed Terence
  3291 | D:3      | Killed Terence
  3348 | D:3      | Reached skill level 1 in Air Magic
  3541 | D:3      | Noticed an ogre
  3557 | D:3      | Killed an ogre
  4231 | D:2      | Found an ancient bone altar of Kikubaaqudgha.
  4258 | D:4      | Reached XP level 6. HP: 28/41 MP: 3/11
  4454 | D:4      | Noticed a phantom
  4515 | D:4      | Killed a phantom
  4900 | D:4      | Noticed Potsanchik's ghost (amateur TeGl)
  4945 | D:4      | Killed Potsanchik's ghost
  4945 | D:4      | Reached XP level 7. HP: 44/46 MP: 3/12
  5580 | D:5      | Entered Level 5 of the Dungeon
  5690 | D:5      | Found a deep blue altar of Sif Muna.
  5713 | D:5      | Learned a level 4 spell: Summon Ice Beast
  5877 | D:5      | Found a sand-covered staircase.
  5886 | Ossuary  | Entered an ossuary
  6107 | Ossuary  | Reached skill level 1 in Ice Magic
  6369 | D:5      | Noticed Potsanchik's ghost (novice MfVM)
  6381 | D:5      | HP: 1/46 [Potsanchik's ghost (11)]
  6383 | D:5      | Killed Potsanchik's ghost
  6383 | D:5      | Reached XP level 8. HP: 31/52 MP: 3/14
  6683 | D:5      | Found Xoleol's Jewellery Boutique.
  6822 | D:6      | Found a basalt altar of Yredelemnul.
  7274 | D:6      | Reached skill level 5 in Spellcasting
  7351 | D:6      | Reached skill level 3 in Dodging
  7458 | D:6      | Found a glowing golden altar of the Shining One.
  7508 | D:6      | Reached skill level 4 in Dodging
  7971 | D:6      | Noticed Menkaure
  8149 | D:6      | Killed Menkaure
  8149 | D:6      | Reached skill level 5 in Dodging
  8374 | D:6      | Found a staircase to the Ecumenical Temple.
  8379 | Temple   | Entered the Ecumenical Temple
  8702 | D:7      | Reached skill level 1 in Fighting
  8702 | D:7      | Reached XP level 9. HP: 39/59 MP: 10/16
  8861 | D:7      | Reached skill level 6 in Dodging
  9085 | D:7      | Found a sparkling altar of Nemelex Xobeh.
  9179 | D:7      | Got a fine plate armour
  9197 | D:7      | Found a shattered altar of Ashenzari.
  9350 | D:8      | Noticed Grum
  9537 | D:8      | Noticed Pikel
  9546 | D:8      | Killed Pikel
  9546 | D:8      | Reached skill level 7 in Dodging
  9796 | D:8      | Killed Grum
  9864 | D:8      | Noticed Psyche
  9870 | D:8      | Killed Psyche
  9870 | D:8      | Reached skill level 5 in Fighting
 10102 | D:8      | Reached skill level 1 in Unarmed Combat
 10110 | D:8      | Got an encrusted arbalest
 10221 | D:8      | Found a snail-covered altar of Cheibriados.
 10226 | D:8      | Became a worshipper of Cheibriados the Contemplative
 10272 | D:8      | Found a sacrificial altar of Ru.
 10272 | D:8      | Found a blossoming altar of Fedhas.
 10375 | D:8      | Reached skill level 1 in Invocations
 10818 | D:8      | Reached XP level 10. HP: 51/74 MP: 5/17
 11276 | D:9      | Noticed a two-headed ogre
 11290 | D:9      | Killed a two-headed ogre
 11441 | D:9      | Found a shadowy altar of Dithmenos.
 11443 | D:9      | Noticed Potsanchik's ghost (novice TeGl)
 11465 | D:9      | Killed Potsanchik's ghost
 11770 | D:9      | Noticed a two-headed ogre
 11783 | D:9      | Killed a two-headed ogre
 11783 | D:9      | Reached * piety under Cheibriados
 11803 | D:9      | Reached skill level 5 in Unarmed Combat
 12210 | D:10     | Entered Level 10 of the Dungeon
 12233 | D:10     | Reached skill level 5 in Invocations
 12405 | D:10     | Found a staircase to the Lair.
 12549 | D:10     | Noticed a gargoyle
 12557 | D:10     | Killed a gargoyle
 12747 | D:10     | Reached ** piety under Cheibriados
 12747 | D:10     | Reached skill level 8 in Dodging
 13190 | Lair:1   | Entered Level 1 of the Lair of Beasts
 13602 | Lair:1   | Reached *** piety under Cheibriados
 13896 | Lair:1   | Reached skill level 9 in Dodging
 14077 | Lair:1   | Noticed a five-headed hydra
 14086 | Lair:1   | Killed a five-headed hydra
 14086 | Lair:1   | Reached XP level 11. HP: 41/80 MP: 6/18
 14940 | Lair:2   | Found a labyrinth entrance.
 14948 | Lab      | Entered a labyrinth
 15147 | Lab      | Noticed a minotaur
 15152 | Lab      | HP: 4/80 [minotaur/crude short sword {speed} (3)]
 15154 | Lab      | Identified the +11 short sword "Wuer" {speed, rN+}
 15154 | Lab      | Demolished by a minotaur

Vault maps used:
D:1:      ncdulo_watergridlock
D:2:      nicolae_overflow_hidden_temple, grunt_temple_overflow_open,
          first_bread
D:3:      dancing_weapons_uskayaw, nicolae_qazlal_eye_of_the_storm, uniq_terence
D:5:      old_standard_altar, serial_shops, shop_fountains,
          nicolae_ossuary_entry_ruins
D:6:      nicolae_tso_swordbearing_angel, nicolae_overflow_crystal_walls,
          uniq_menkaure
D:7:      evilmike_ruin_ashenzari, basic_altar
D:8:      cheibriados_altar_1, chequers_temple_overflow_statue_of_worship,
          hangedman_pestilent_swarm, lemuel_flamethrower_2, uniq_pikel,
          uniq_grum, uniq_psyche
D:9:      lemuel_crystal_altar
D:10:     lair_entry_dummy
Temple:   corrupted_temple
Lair:2:   nicolae_swamp_entry_splash_gauntlet, lab_entry_generic,
          serial_bayou_lagoon_b
Lab:      labyrinth_watery
Ossuary:  ossuary_the_hunt_dpeg

Skill      XL: |  1  2  3  4  5  6  7  8  9 10 |
---------------+-------------------------------+-----
Summonings     | 5 6 7 8 |  8.2
Spellcasting   | 3 4 5 |  5.0
Air Magic      | 2 3 4 |  4.0
Ice Magic      | 3 |  3.0
Dodging        | 5 7 9 |  9.6
Fighting       | 1 5 |  5.2
Unarmed Combat | 2 7 |  7.7
Invocations    | 1 5 |  5.1
Stealth        | |  2.0

Action                   |  1- 3 |  4- 6 |  7- 9 | 10-12 || total
-------------------------+-------+-------+-------+-------++-------
Melee: Unarmed           |    78 |       |       |       ||    78
       Whip              |    21 |       |       |       ||    21
       Spear             |    38 |   150 |   194 |       ||   382
       Trident           |       |       |   231 |   262 ||   493
       Punch             |       |       |       |     5 ||     5
 Cast: Summon Small Mamm |    12 |       |       |       ||    12
       Call Imp          |    20 |    29 |    14 |       ||    63
       Call Canine Famil |       |    11 |    23 |     4 ||    38
       Summon Lightning  |       |       |    20 |    21 ||    41
       Summon Ice Beast  |       |       |    16 |    18 ||    34
Invok: Bend Time         |       |       |       |     1 ||     1
 Abil: Hop               |     1 |     1 |     3 |     7 ||    12
Evoke: Wand              |       |       |       |     3 ||     3
  Use: Scroll            |       |       |    17 |     5 ||    22
       Potion            |       |       |     4 |     3 ||     7
 Stab: Sleeping          |       |     3 |     4 |     5 ||    12
       Distracted        |       |     1 |     6 |    11 ||    18
  Eat: Chunk             |     5 |    11 |    24 |    10 ||    50
       Pizza             |     1 |       |       |     2 ||     3
       Beef jerky        |       |       |     5 |       ||     5
       Fruit             |       |       |     1 |       ||     1
       Meat ration       |       |       |       |     1 ||     1
Armor: Robe              |    37 |    24 |    82 |       ||   143
       Skin              |       |     3 |       |       ||     3
       Animal skin       |       |       |    31 |     3 ||    34
       Steam dragon scal |       |       |       |    71 ||    71
Dodge: Dodged            |   108 |    69 |   252 |   235 ||   664
